 Dungeon Crawl Stone Soup version 0.17-a0-1368-g6ab37f2 (webtiles) character file.

70 Hanyuu the Cudgeler (level 4, 16/33 HPs)
             Began as a Demonspawn Gladiator on June 12, 2015.
             Quit the game on level 2 of the Dungeon.
             The game lasted 00:03:43 (1259 turns).

Hanyuu the Cudgeler (Demonspawn Gladiator)          Turns: 1259, Time: 00:03:43

Health: 16/33      AC:  5    Str: 16    XL:     4   Next: 4%
Magic:  4/4        EV: 12    Int: 10    God:
Gold:   33         SH:  0    Dex: 13    Spells: 0 memorised, 3 levels left

rFire  . . .     SeeInvis .     f - +0 whip
rCold  . . .     Clarity  .     b - +0 leather armour
rNeg   . . .     SustAt   .     (no shield)
rPois  .         Gourm    .     (helmet restricted)
rElec  .         Spirit   .     (no cloak)
rCorr  .         Warding  .     (no gloves)
rMut   .         Stasis   .     (no boots)
MR     .....                    (no amulet)
Stlth  +.........               (no ring)
                                (no ring)

@: not resistant to hostile enchantments, very unstealthy
A: horns 1, slimy green scales 1
a: no special abilities


You were on level 2 of the Dungeon.
You were not hungry.

You visited 1 branch of the dungeon, and saw 2 of its levels.

You collected 33 gold pieces.

Inventory:

Hand weapons
 a - a +0 flail
 f - a +0 whip (weapon)
Missiles
 d - 3 throwing nets (quivered)
Armour
 b - a +0 leather armour (worn)
 c - a +0 helmet
Scrolls
 g - 3 scrolls of teleportation {unknown}
 h - a scroll of enchant armour {unknown}
 i - 2 scrolls of recharging {unknown}
 j - a scroll of fog {unknown}
 k - 4 scrolls of identify {unknown}
 m - a scroll of magic mapping {unknown}
 n - 3 scrolls of fear {unknown}
Comestibles
 e - 2 bread rations
 l - a meat ration
 o - a chunk of flesh


   Skills:
 - Level 2.0 Fighting
 + Level 4.4 Maces & Flails
 - Level 1.7 Throwing
 - Level 2.6 Dodging


You had 3 spell levels left.
You didn't know any spells.

Dungeon Overview and Level Annotations

Branches:
Dungeon (2/15)

Altars:
Fedhas


Innate Abilities, Weirdness & Mutations

You have a pair of small horns on your head.
You are partially covered in slimy green scales (AC +2).


Message History

Ijyb completely misses you.
You hit Ijyb but do no damage.
Ijyb is almost dead.
Ijyb hits you but does no damage.
You hit Ijyb.
Ijyb is almost dead.
Ijyb misses you.
You hit Ijyb.
You kill Ijyb!
You have reached level 4!
You feel stronger.
Your demonic ancestry asserts itself...
A pair of horns grows on your head!
Your +0 helmet falls away!
You miss the goblin. The goblin barely misses you.
You barely miss the goblin. The goblin hits you but does no damage.
You barely miss the goblin. You headbutt the goblin.
You kill the goblin!
Items here: ) [ †† a dagger; a chain mail; a goblin corpse; the goblin corpse of Ijyb Are you sure you want to abandon this character and quit the game? (Confirm with "yes".)

.........#..# #.........#
.........##.##
#.........# .
###+#....##..#
#..##.##..#..
#....###.####..#...#..#..
#......)..#......_.......
##.#####..#.#..#...#..#..
#. #....#..##.##..#
#.#.##.........#
#@#.##.........#
#.#..#####†#####.. #####
#.##.##...........
...(####
###.##.##.##........
.......#
#...##.##.##########
....##.# #...##.##.#
....##.#######...##..#.#
....##............##.#.#
....############..##.#.#


There were no monsters in sight!

Vanquished Creatures
  Ijyb (D:2)
  An adder (D:2)
  An ooze (D:1)
  A worm (D:2)
  A giant gecko (D:2)
  2 hobgoblins (D:2)
  6 bats (D:1)
  4 giant newts
  5 goblins
  3 kobolds
  4 rats
29 creatures vanquished.

Notes
Turn   | Place    | Note
--------------------------------------------------------------
     0 | D:1      | Hanyuu the Demonspawn Gladiator began the quest for the Orb.
     0 | D:1      | Reached XP level 1. HP: 16/16 MP: 1/1
   150 | D:1      | Reached skill level 3 in Maces & Flails
   266 | D:1      | Gained mutation: You are partially covered in slimy green scales (AC +2). [demonic ancestry]
   266 | D:1      | Reached XP level 2. HP: 13/22 MP: 2/2
   644 | D:2      | Found a blossoming altar of Fedhas.
  1007 | D:2      | Reached XP level 3. HP: 27/27 MP: 3/3
  1029 | D:2      | Reached skill level 4 in Maces & Flails
  1173 | D:2      | Noticed Ijyb
  1254 | D:2      | Killed Ijyb
  1254 | D:2      | Gained mutation: You have a pair of small horns on your head. [demonic ancestry]
  1254 | D:2      | Reached XP level 4. HP: 15/33 MP: 4/4
  1259 | D:2      | Quit the game

Vault maps used:
D:1:      minmay_arrival_hallway
D:2:      nicolae_overflow_crystal_walls, serial_corexii_hall,
          corexii_hall_statues_i, corexii_hall_statues_l, uniq_iyjb

Action                   |  1- 3 |  4- 6 || total
-------------------------+-------+-------++-------
Melee: Whip              |   180 |     3 ||   183
       Flail             |     5 |       ||     5
  Eat: Chunk             |     1 |       ||     1
